 Dungeon Crawl Stone Soup version 0.17.1-3-g152610e (webtiles) character file.

210 Goblin1989 the Insei (level 5, -3/41 HPs)
             Began as a Demonspawn Monk on May 2, 2016.
             Slain by Crazy Yiuf
             ... wielding a +4 quarterstaff of chaos
              (8 damage)
             ... on level 2 of the Dungeon.
             The game lasted 00:03:47 (1811 turns).

Goblin1989 the Insei (Demonspawn Monk)              Turns: 1811, Time: 00:03:47

Health: -3/41      AC:  5    Str: 13    XL:     5   Next: 56%
Magic:  5/5        EV: 11    Int: 11    God:
Gold:   83         SH:  0    Dex: 15    Spells: 0 memorised, 4 levels left

rFire  . . .     SeeInvis .       - Unarmed
rCold  + + .     Clarity  .     g - +0 ring mail
rNeg   . . .     SustAt   .     (no shield)
rPois  .         Gourm    .     (no helmet)
rElec  .         Spirit   .     (no cloak)
rCorr  .         Warding  .     (no gloves)
rMut   .         Stasis   .     (no boots)
MR     .....                    (no amulet)
Stlth  +.........               (no ring)
                                d - ring of protection from cold

@: not resistant to hostile enchantments, very unstealthy
A: talons 1, cold resistance 1, powered by death 1
a: no special abilities


You were on level 2 of the Dungeon.
You were not hungry.

You visited 1 branch of the dungeon, and saw 2 of its levels.

You collected 83 gold pieces.

Inventory:

Hand Weapons
 c - a +1 scythe of protection
Missiles
 k - 36 bolts (quivered)
Armour
 g - a +0 ring mail (worn)
Jewellery
 d - a ring of protection from cold (left hand)
Scrolls
 a - a scroll of blinking {unknown}
 h - 2 scrolls of random uselessness {unknown}
 j - 2 scrolls of identify {unknown}
 l - a scroll of recharging {unknown}
Comestibles
 f - a beef jerky


   Skills:
 - Level 3.0 Fighting
 - Level 2.6 Dodging
 - Level 1.7 Stealth
 * Level 6.3 Unarmed Combat


You had 4 spell levels left.
You didn't know any spells.

Dungeon Overview and Level Annotations

Branches:
Dungeon (2/15)

Altars:

Annotations:
D:2 Crazy Yiuf


Innate Abilities, Weirdness & Mutations

You have sharp toenails.
Your flesh is cold resistant.
You regenerate a little health from kills.


Message History

Crazy Yiuf hits you with a quarterstaff of chaos!
You take 7 damage, and have 21/41 hp.
You closely miss Crazy Yiuf. You claw Crazy Yiuf, but do no damage.
Crazy Yiuf whimpers, "Fluff noodlescoop head!"
Crazy Yiuf zaps a wand.
The magic dart hits you!
You take 6 damage, and have 15/41 hp.
You barely miss Crazy Yiuf. You hit Crazy Yiuf. You claw Crazy Yiuf.
Crazy Yiuf zaps a wand.
The magic dart hits you!
* * * LOW HITPOINT WARNING * * *
You take 4 damage, and have 11/41 hp.
You hit Crazy Yiuf but do no damage. Your kick misses Crazy Yiuf.
Crazy Yiuf misses you.
You hit Crazy Yiuf but do no damage. Your kick misses Crazy Yiuf.
Crazy Yiuf zaps a wand.
The magic dart hits you!
* * * LOW HITPOINT WARNING * * *
You take 6 damage, and have 5/41 hp.
You hit Crazy Yiuf. You claw Crazy Yiuf, but do no damage.
Crazy Yiuf hits you with a quarterstaff of chaos!
You die...

#....######.
#####.........#
.....#
..............#
...#.#
#####........#
#..#.# #........##
#..#.# #.........#
...#.# ###
♣♣##.........#
##.#.# #)..#
♣♣....#..####.#
.....#
#g....♣♣♣♣........##
#.# ######
♣..♣@.......#.# #.#
.....#
♣♣♣g♣....##...###.#
..####
♣♣♣♣♣##.#.......#
...### #..##.#####
.....## ##.....#
)..##.# #...##.#
..###.# ##.#...#
..###.# #.#.#.#
......# #...##


You could see Crazy Yiuf.

Vanquished Creatures
  Sigmund (D:2)
  Natasha (D:2)
  An adder (D:2)
  A giant gecko (D:1)
  4 goblins
  3 hobgoblins
  3 bats (D:1)
  A giant newt (D:1)
  3 kobolds (D:1)
  2 rats
20 creatures vanquished.

Notes
Turn   | Place    | Note
--------------------------------------------------------------
     0 | D:1      | Goblin1989 the Demonspawn Monk began the quest for the Orb.
     0 | D:1      | Reached XP level 1. HP: 18/18 MP: 1/1
   627 | D:1      | Reached skill level 4 in Unarmed Combat
   634 | D:1      | Gained mutation: You regenerate a little health from kills. [demonic ancestry]
   634 | D:1      | Reached XP level 2. HP: 22/24 MP: 2/2
  1391 | D:2      | Noticed Natasha
  1396 | D:2      | Killed Natasha
  1396 | D:2      | Gained mutation: You have sharp toenails. [demonic ancestry]
  1396 | D:2      | Reached XP level 3. HP: 21/29 MP: 3/3
  1459 | D:2      | Noticed Sigmund
  1494 | D:2      | Killed Sigmund
  1494 | D:2      | Reached skill level 6 in Unarmed Combat
  1494 | D:2      | Gained mutation: Your flesh is cold resistant. [demonic ancestry]
  1494 | D:2      | Reached XP level 4. HP: 9/35 MP: 4/4
  1494 | D:2      | Reached XP level 5. HP: 10/41 MP: 5/5
  1793 | D:2      | Noticed Crazy Yiuf
  1811 | D:2      | Slain by Crazy Yiuf

Action                   |  1- 3 |  4- 6 || total
-------------------------+-------+-------++-------
Melee: Unarmed           |    88 |    17 ||   105
  Use: Potion            |     4 |       ||     4
 Stab: Sleeping          |     2 |       ||     2
  Eat: Chunk             |     1 |       ||     1
       Bread ration      |       |     1 ||     1
